 Dungeon Crawl Stone Soup version 0.27-a0-909-g0721f309d1 (webtiles) character file.

Game seed: 16930219465841552653

67 night the Magician (level 4, -6/34 HPs)
             Began as a Djinni Conjurer on Apr 8, 2021.
             Mangled by Sigmund
             ... wielding a +0 scythe
              (8 damage)
             ... on level 2 of the Dungeon.
             The game lasted 00:03:25 (1984 turns).

night the Magician (Djinni Conjurer)                Turns: 1984, Time: 00:03:26

Health: -6/34      AC:  2    Str:  6    XL:     4   Next: 16%
Gold:   36         EV: 12    Int: 20    God:
                   SH:  0    Dex: 12

rFire    + + .     SeeInvis .   i - +0 trident
rCold    x . .     Faith    .   (no shield)
rNeg     . . .     Spirit   .   a - +0 robe
rPois    ∞         Reflect  .   (no helmet)
rElec    .         Harm     .   (no cloak)
rCorr    .         Rampage  .   (no gloves)
Will     +....                  (boots unavailable)
Stlth    ++........             (no amulet)
HPRegen  0.11/turn              d - ring of willpower
MPRegen  0.00/turn              (no ring)

@: flying
A: fire resistance 2, cold vulnerability 1, float, innate caster, hp casting,
extra vitality 1
a: no special abilities


You were on level 2 of the Dungeon.
You visited 1 branch of the dungeon, and saw 2 of its levels.

You collected 36 gold pieces.

Inventory:

Hand Weapons
 b - a +0 dagger
 i - a +0 trident (weapon)
Missiles
 e - 46 stones
 k - 15 poisoned darts
 l - 16 sling bullets
Armour
 a - a +0 robe (worn)
Jewellery
 d - a ring of willpower (left hand)
 h - a ring of flight
Scrolls
 f - a scroll of fear {unknown}
 m - a scroll of enchant weapon {unknown}
 o - a scroll of vulnerability {unknown}
Potions
 c - a potion of invisibility {unknown}
 g - a potion of attraction {unknown}
 j - 2 potions of ambrosia {unknown}
 n - a potion of haste {unknown}


   Skills:
 + Level 2.4 Fighting
 - Level 2.1 Dodging
 - Level 1.5 Stealth
 + Level 4.2 Spellcasting


You couldn't memorise any spells.
You knew the following spells:

 Your Spells              Type           Power      Damage    Failure   Level
a - Magic Dart            Conj           84%        1d7       2%          1
b - Searing Ray           Conj           42%        3d4       3%          2
c - Dazzling Flash        Conj/Hex       42%        N/A       6%          3
d - Fulminant Prism       Conj/Hex       10%        3d9       22%         4
e - Iskenderun's Mystic   Conj/Tloc      21%        2d6       22%         4
f - Beastly Appendage     Tmut           42%        N/A       2%          1
Your spell library was empty.

Dungeon Overview and Level Annotations

Branches:
Dungeon (2/15)

Altars:

Annotations:
D:2 1 runed translucent door, Crazy Yiuf, Sigmund


Innate Abilities, Weirdness & Mutations

You are immune to poison.
Your flesh is very heat resistant. (rF++)
You are vulnerable to cold. (rC-)
You float through the air rather than walking.
You learn spells naturally, not from books.
Your magical power is your life essence.
You have superior vitality. (+4 HP)


Message History

Aiming: Magic Dart (safe; 2% risk of failure)
Press: ? - help, Shift-Dir - straight line, f - kobold
Aim: a kobold, wielding a +0 dagger and quivering stones (asleep, 0% to evade)
The magic dart hits the kobold.
You kill the kobold!
e - 46 stones (gained 5)
Things that are here:
a +0 dagger; a kobold corpse
Found a stone staircase leading up.
Sigmund the Dreaded comes into view.
He is wielding a +0 scythe.
You reach to attack!
The helpless Sigmund fails to defend himself.
You hit Sigmund but do no damage.
Sigmund hits you from afar with a +0 scythe!
Casting: Magic Dart (safe; 2% risk of failure)
Confirm with . or Enter, or press ? or * to list all spells.
Aiming: Searing Ray (safe; 3% risk of failure)
Press: ? - help, Shift-Dir - straight line, f/p - Sigmund
Aim: Sigmund, wielding a +0 scythe and wearing a +0 robe (25% to evade)
The searing ray hits Sigmund!
Sigmund is moderately wounded. (Press . to maintain the ray.) Sigmund barely misses you.
The searing ray hits Sigmund!
Sigmund is heavily wounded.
Sigmund hits you from afar with a +0 scythe!
* * * LOW HITPOINT WARNING * * *
The searing ray hits Sigmund.
Sigmund is severely wounded.
* * * LOW HITPOINT WARNING * * *
Sigmund hits you from afar with a +0 scythe.
* * * LOW HITPOINT WARNING * * *
The searing ray hits Sigmund!
Sigmund is almost dead.
* * * LOW HITPOINT WARNING * * *
You finish channeling your searing ray.
Sigmund hits you from afar with a +0 scythe.
* * * LOW HITPOINT WARNING * * *
Sigmund hits you from afar with a +0 scythe!
You die...

#....# #.....[....# ##.##..
#....########.........)# #.....
#......................### #..#..
.......................##.##.....
...).................÷.....#.#.).
)....###### #...........#.##†#...
.....# #...........#.##.##..
.)...# #...........#.##.##.>
.############.##@..?<##.#.##.....
.# .........#.#####........... .#
.........#@.........##..... .#
.........#######...†##.#### .#
.........##..........#.#... ##
.........##.####.†...#....#
..........).# #......######
############# #.###### # #.# #


You could see Sigmund.

Vanquished Creatures
  Robin (D:2)
  A worm (D:2)
  A dart slug (D:2)
  2 ball pythons (D:1)
  3 bats
  2 endoplasms (D:2)
  2 giant cockroaches
  11 goblins (D:2)
  5 hobgoblins
  5 jackals
  2 quokkas
  A frilled lizard (D:1)
  6 kobolds
  3 rats
45 creatures vanquished.

Notes
Turn   | Place    | Note
-------+----------+-------------------------------------------
     0 | D:1      | night the Djinni Conjurer began the quest for the Orb.
     0 | D:1      | Reached XP level 1. HP: 15/15 MP: 0/0
   114 | D:1      | Reached skill level 1 in Fighting
   114 | D:1      | Reached XP level 2. HP: 13/22 MP: 0/0
   867 | D:1      | Reached skill level 4 in Spellcasting
   867 | D:1      | Reached XP level 3. HP: 25/27 MP: 0/0
   867 | D:1      | Learned a level 1 spell: Beastly Appendage
  1268 | D:2      | Reached skill level 2 in Fighting
  1276 | D:2      | Noticed Robin
  1280 | D:2      | Killed Robin
  1496 | D:2      | Found a runed translucent door.
  1497 | D:2      | Noticed Crazy Yiuf
  1664 | D:2      | Reached XP level 4. HP: 30/34 MP: 0/0
  1977 | D:2      | Noticed Sigmund
  1982 | D:2      | HP: 5/34 [Sigmund/+0 scythe (4)]
  1983 | D:2      | HP: 2/34 [Sigmund/+0 scythe (2)]
  1984 | D:2      | Mangled by Sigmund

Illustrated notes

Levels and vault maps discovered:
D:1:      mrwooster_arrival_statue_2, layout_rooms
D:2:      layout_basic, shapermc_ecumenical_altar_notcrosses, uniq_sigmund,
          uniq_robin, uniq_crazy_yiuf_cottage

Skill      XL: |  1  2  3 |
---------------+----------+-----
Fighting       | 1 2 |  2.4
Spellcasting   | 4 |  4.2
Dodging        | |  2.1
Stealth        | |  1.5

Action                   |  1- 3 |  4- 6 || total
-------------------------+-------+-------++-------
Melee: Trident           |       |     3 ||     3
 Cast: Magic Dart        |    80 |     5 ||    85
       Searing Ray       |     1 |     2 ||     3
 Stab: Sleeping          |       |     3 ||     3
Armor: Robe              |     1 |       ||     1
Dodge: Dodged            |     3 |     2 ||     5

Table legend: (Time is in decaauts)
 A = Elapsed time spent in this place.
 B = Non-inter-level travel time spent in this place.
 C = Inter-level travel time spent in this place.
 D = Time resting spent in this place.
 E = Time spent auto-exploring this place.
 F = Levels seen in this place.
 G = Mean time per level.
                   A        B        C        D        E       F      G
               +--------+--------+--------+--------+--------+-----+--------+
         Total |   1983 |   1931 |     52 |    410 |   1350 |   2 |  991.5 |
       Dungeon |   1983 |   1931 |     52 |    410 |   1350 |   2 |  991.5 |
               +--------+--------+--------+--------+--------+-----+--------+

Top non-repeatable levels by time:
     D:1: 1024 daAuts
     D:2: 959 daAuts
